 Dungeon Crawl Stone Soup version 0.22-a0-456-g11ed031617 (webtiles) character file.

22995 Ireaine the Cleaver (level 12, -10/113 HPs)
             Began as a Minotaur Berserker on June 7, 2018.
             Was a High Priest of Trog.
             Mangled by a shock serpent (13 damage)
             ... on level 1 of the Snake Pit.
             The game lasted 00:37:46 (13000 turns).

Ireaine the Cleaver (Minotaur Berserker)           Turns: 13000, Time: 00:37:47

Health: -10/113    AC: 24    Str: 22    XL:     12   Next: 67%
Magic:  11/11      EV: 13    Int:  4    God:    Trog [*****.]
Gold:   640        SH:  0    Dex: 15    Spells: 11/11 levels left

rFire    + . .     SeeInvis .   z - +3 battleaxe
rCold    . . .     Gourm    .   (shield currently unavailable)
rNeg     + . .     Faith    +   s - +1 plate armour
rPois    .         Spirit   .   (helmet restricted)
rElec    .         Reflect  .   a - +2 cloak {MR+}
rCorr    .         Harm     .   w - +0 pair of gloves
MR       +....                  x - +1 pair of boots
Stlth    ..........             o - amulet of faith
HPRegen  0.28/turn              A - ring of positive energy
MPRegen  0.12/turn              j - ring of protection from fire

@: no status effects
A: retaliatory headbutt, horns 2
a: Berserk, Trog's Hand, Brothers in Arms, Renounce Religion


You were on level 1 of the Snake Pit.
You worshipped Trog.
Trog was extremely pleased with you.
You were not hungry.

You visited 3 branches of the dungeon, and saw 15 of its levels.
You also visited: Ossuary.

You collected 784 gold pieces.
You spent 144 gold pieces at shops.

Inventory:

Hand Weapons
 z - a +3 battleaxe (weapon)
Armour
 a - a +2 cloak of magic resistance (worn)
 s - a +1 plate armour (worn)
 w - a +0 pair of gloves (worn)
 x - a +1 pair of boots (worn)
Jewellery
 j - a ring of protection from fire (right hand)
 k - an uncursed ring of protection from cold
 m - an uncursed amulet of regeneration {unknown}
 o - an amulet of faith (around neck)
 A - a ring of positive energy (left hand)
 D - an uncursed amulet of guardian spirit {unknown}
Wands
 e - a wand of paralysis (16)
Scrolls
 g - a scroll of teleportation
 l - 4 scrolls of fear
 r - 4 scrolls of fog
 y - 4 scrolls of remove curse
 B - a scroll of blinking
Potions
 b - 6 potions of curing
 c - a potion of invisibility
 d - 3 potions of agility
 f - 3 potions of flight
 h - 5 potions of might
 i - 2 potions of berserk rage
 n - 6 potions of lignification
 p - 2 potions of brilliance
 q - 4 potions of cancellation
 t - a potion of mutation
 u - a potion of ambrosia {unknown}
 v - 4 potions of haste
 E - a potion of heal wounds
Miscellaneous
 F - a sack of spiders
Comestibles
 C - 4 rations


   Skills:
 + Level 12.9 Fighting
 + Level 13.1 Axes
 + Level 12.8 Armour
 + Level 11.8 Dodging


You had 11 spell levels left.
You didn't know any spells.
Your spell library was empty.

Dungeon Overview and Level Annotations

Branches:
Dungeon (11/15)            Temple (0/1) D:4            Lair (3/6) D:11
  Snake (1/4) Lair:3
  Swamp: Lair:2-4    Shoals: Lair:2-4       Orc: D:9-12

Altars:
Ashenzari
Cheibriados
Gozag
Okawaru
Qazlal
Ru
Sif Muna

Shops:
D:6 [*

Annotations:
Lair:1 exclusion: oklob plant


Innate Abilities, Weirdness & Mutations

You reflexively headbutt those who attack you in melee.
You have a pair of horns on your head.


Message History

The bolt of electricity hits you!
* * * LOW HITPOINT WARNING * * *
The shock serpent bites you but does no damage.
You feel better. The shock serpent barely misses you. You furiously retaliate!
You headbutt the shock serpent. You barely miss the shock serpent.
The shock serpent is severely wounded.
The shock serpent bites you.
* * * LOW HITPOINT WARNING * * *
The shock serpent shocks you!
* * * LOW HITPOINT WARNING * * *
The shock serpent closely misses you. You furiously retaliate!
You headbutt the shock serpent!
The shock serpent's electric aura discharges, shocking you!
You closely miss the shock serpent. Your headbutt misses the shock serpent.
The shock serpent is almost dead.
The shock serpent bites you.
* * * LOW HITPOINT WARNING * * *
The shock serpent shocks you!
You die...

#.## ##.##
. ##.## #.
##.## #..
##.## #..
#..# ..
##.#
#.####..#
#.S@...##
##..).##
.......##
........#
.........#
....###..#
..## ####
##


You could see a shock serpent.

Vanquished Creatures
  4 hydras
  Erolcha (D:11)
  A two-headed ogre (D:11)
  An unseen horror (D:11)
  An ugly thing (D:8)
  5 elephants (Lair:3)
  A naga mage (Snake:1)
  Maurice (D:8)
  The ghost of mrRosa the Vexing, a novice DECj of Vehumet (D:6)
  Psyche (D:8)
  3 spiny frogs
  2 komodo dragons (Lair:3)
  3 trolls
  Grinder (D:6)
  The ghost of crazyass the Stinger, an amateur DrVM of Gozag (D:4)
  8 blink frogs (Lair:2)
  4 hippogriffs
  15 yaks
  2 wyverns
  2 hungry ghosts
  3 nagas
  4 porcupines
  3 orc warriors
  4 water moccasins
  2 phantoms
  An ice beast (D:7)
  5 sky beasts
  2 black bears
  6 centaurs
  2 wolves (D:11)
  An ogre (D:7)
  6 crocodiles
  A big kobold (D:10)
  9 bullfrogs
  A gnoll sergeant (D:9)
  Blork the orc (D:6)
  A wyvern zombie (D:9)
  12 scorpions
  3 killer bees (D:10)
  8 wights
  An electric eel (D:11)
  2 howler monkeys
  3 bullfrog zombies
  3 crimson imps
  3 centaur zombies
  2 quasits
  8 hounds
  A human zombie (Ossuary)
  3 jellies
  4 orc priests
  Crazy Yiuf (D:6)
  11 orc wizards
  2 bullfrog skeletons
  A centaur skeleton (D:7)
  3 worker ants
  3 iguanas
  A big kobold zombie (Ossuary)
  2 hound zombies
  3 mummies
  A howler monkey zombie (D:5)
  A worker ant zombie (D:8)
  4 gnolls (D:9)
  14 adders
  5 scorpion zombies (Ossuary)
  A shadow imp (D:6)
  2 adder skeletons
  A worm (D:3)
  A dart slug (D:2)
  3 leopard geckos
  37 orcs
  A ball python (D:6)
  4 giant cockroaches
  A gnoll zombie (Ossuary)
  9 goblins
  5 hobgoblins
  6 jackals
  9 kobolds
  3 quokkas
  8 bats
  3 frilled lizards
  4 goblin zombies
  2 hobgoblin zombies
  A jackal skeleton (D:5)
  5 kobold zombies (Ossuary)
  An orc zombie (Ossuary)
  7 rats
  A fungus (Lair:3)
330 creatures vanquished.

Vanquished Creatures (collateral kills)
  A hound skeleton (D:6)
1 creature vanquished.

Vanquished Creatures (others)
  A mummy (Ossuary)
  A hobgoblin zombie (Ossuary)
  3 fungi
  6 plants
11 creatures vanquished.

Grand Total: 342 creatures vanquished

Notes
Turn   | Place    | Note
-------+----------+-------------------------------------------
     0 | D:1      | Ireaine the Minotaur Berserker began the quest for the Orb.
     0 | D:1      | Reached XP level 1. HP: 19/19 MP: 0/0
   491 | D:1      | Reached skill level 4 in Axes
   675 | D:1      | Reached XP level 2. HP: 26/26 MP: 1/1
   936 | D:2      | Reached XP level 3. HP: 31/33 MP: 2/2
  1678 | D:3      | Reached XP level 4. HP: 40/40 MP: 3/3
  1699 | D:3      | Reached ** piety under Trog
  1906 | D:3      | Reached skill level 5 in Axes
  1990 | D:3      | Reached XP level 5. HP: 45/47 MP: 4/4
  2372 | D:3      | Found an iron altar of Okawaru.
  2377 | D:3      | Found a sacrificial altar of Ru.
  2379 | D:3      | Found an opulent altar of Gozag.
  2382 | D:3      | Found a deep blue altar of Sif Muna.
  2383 | D:3      | Found a shattered altar of Ashenzari.
  2516 | D:4      | Reached XP level 6. HP: 55/55 MP: 5/5
  2587 | D:4      | Reached skill level 5 in Fighting
  2741 | D:4      | Noticed crazyass's ghost (amateur DrVM)
  2752 | D:4      | Killed crazyass's ghost
  2752 | D:4      | Reached skill level 6 in Axes
  2752 | D:4      | Reached skill level 5 in Armour
  2752 | D:4      | Reached XP level 7. HP: 61/61 MP: 6/6
  3186 | D:4      | Found a staircase to the Ecumenical Temple.
  3257 | D:5      | Entered Level 5 of the Dungeon
  3355 | D:5      | Reached skill level 5 in Dodging
  3601 | D:5      | Reached *** piety under Trog
  3613 | D:5      | Reached XP level 8. HP: 71/71 MP: 7/7
  3717 | D:5      | Reached skill level 7 in Axes
  4238 | D:6      | Noticed Grinder
  4243 | D:6      | Found Siatuut's Antique Armour Shoppe.
  4251 | D:6      | Killed Grinder
  4324 | D:6      | Bought a pair of gloves for 144 gold pieces
  4332 | D:6      | Noticed Blork the orc
  4339 | D:6      | Killed Blork the orc
  4376 | D:6      | Reached skill level 8 in Axes
  4416 | D:6      | Reached **** piety under Trog
  4419 | D:6      | Reached XP level 9. HP: 80/80 MP: 8/8
  4528 | D:6      | Noticed mrRosa's ghost (novice DECj)
  4556 | D:6      | Killed mrRosa's ghost
  4577 | D:6      | Found Qicvuvak's General Store.
  4602 | D:6      | Found a runed door.
  4671 | D:6      | Found a stormy altar of Qazlal.
  5031 | D:6      | Noticed Crazy Yiuf
  5037 | D:6      | Killed Crazy Yiuf
  5168 | D:7      | Reached skill level 9 in Axes
  5212 | D:7      | Found a snail-covered altar of Cheibriados.
  5854 | D:8      | Found a sand-covered staircase.
  5859 | Ossuary  | Entered an ossuary
  5956 | Ossuary  | Reached ***** piety under Trog
  5958 | Ossuary  | Reached XP level 10. HP: 91/91 MP: 9/9
  6366 | D:8      | Noticed a cyan ugly thing
  6373 | D:8      | Killed a cyan ugly thing
  6487 | D:8      | Reached skill level 10 in Axes
  6532 | D:8      | Noticed Maurice
  6542 | D:8      | Killed Maurice
  6705 | D:8      | Noticed Psyche
  6712 | D:8      | Killed Psyche
  6712 | D:8      | Reached skill level 10 in Fighting
  6888 | D:8      | Reached skill level 10 in Armour
  8344 | D:10     | Entered Level 10 of the Dungeon
  8874 | D:10     | Reached XP level 11. HP: 101/101 MP: 10/10
  8928 | D:10     | Received a gift from Trog
  9064 | D:10     | Reached skill level 11 in Axes
  9307 | D:11     | Noticed a two-headed ogre
  9313 | D:11     | Killed a two-headed ogre
  9388 | D:11     | Reached skill level 10 in Dodging
  9410 | D:11     | Found a staircase to the Lair.
  9412 | D:11     | Noticed Erolcha
  9422 | D:11     | Killed Erolcha
  9512 | D:11     | Killed an unseen horror
  9648 | Lair:1   | Entered Level 1 of the Lair of Beasts
  9848 | Lair:1   | Noticed an oklob plant
 10097 | Lair:1   | Noticed a six-headed hydra
 10108 | Lair:1   | Killed an 11-headed hydra
 10553 | Lair:2   | Noticed a seven-headed hydra
 10563 | Lair:2   | Killed a ten-headed hydra
 10563 | Lair:2   | Reached skill level 12 in Axes
 11120 | Lair:2   | Reached XP level 12. HP: 95/112 MP: 11/11
 11390 | Lair:2   | Noticed a four-headed hydra
 11401 | Lair:2   | Killed a ten-headed hydra
 11917 | Lair:3   | Found a staircase to the Snake Pit.
 12016 | Lair:3   | Noticed a seven-headed hydra
 12034 | Lair:3   | Killed a 13-headed hydra
 12155 | Lair:3   | Reached skill level 13 in Axes
 12855 | Snake:1  | Entered Level 1 of the Snake Pit
 13000 | Snake:1  | HP: 3/113 [shock serpent (3)]
 13000 | Snake:1  | Mangled by a shock serpent

Vault maps used:
D:1:      dpeg_arrival_triangle_fractal
D:3:      minitemple
D:4:      temple_hall, first_ration, corexii_checkpoint_a
D:5:      kennysheep_boxes
D:6:      serial_shops, nicolae_shop_temple_entry_statues_fountains,
          nicolae_shop_statue_plus, grunt_qazlal_sundering, uniq_blork_the_orc,
          uniq_grinder, uniq_crazy_yiuf_cottage
D:7:      kennysheep_little_box
D:8:      mumra_celtic_spiral_tile, nicolae_ossuary_entry_giza,
          hangedman_little_slice_of_home, uniq_maurice, uniq_psyche
D:10:     hex_medium, nrook_loot_triangle
D:11:     lemuel_reptile_caves, erik_lair_island, orc_0_dummy, uniq_grum,
          uniq_sonja, uniq_erolcha
Lair:1:   grunt_forest_small_clearing_treed, minmay_lair_oklob_chamber
Lair:3:   guppyfry_snake_entry_garden, minivault_24
Ossuary:  ossuary_minmay_scorpions

Skill      XL: |  1  2  3  4  5  6  7  8  9 10 11 12 |
---------------+-------------------------------------+-----
Axes           | 4 5 6 8 9 10 12 13 | 13.1
Armour         | 3 4 5 7 9 10 11 12 | 12.8
Fighting       | 4 5 6 7 9 10 12 | 12.9
Dodging        | 3 4 5 6 8 9 10 11 | 11.8

Action                   |  1- 3 |  4- 6 |  7- 9 | 10-12 || total
-------------------------+-------+-------+-------+-------++-------
Melee: Hand axe          |    78 |    84 |   175 |       ||   337
       Headbutt          |     7 |    10 |    49 |   106 ||   172
       Battleaxe         |       |       |    91 |   439 ||   530
Invok: Berserk           |       |     4 |    10 |     9 ||    23
       Trog's Hand       |       |       |     3 |     2 ||     5
  Use: Scroll            |     5 |     6 |    13 |    10 ||    34
       Potion            |       |       |       |     9 ||     9
  Eat: Chunk             |     1 |     2 |     7 |     9 ||    19
       Ration            |     1 |     1 |     5 |     7 ||    14
Armor: Chain mail        |    58 |    44 |     3 |       ||   105
       Plate armour      |       |       |   177 |   480 ||   657
Dodge: Dodged            |    52 |    43 |   148 |   404 ||   647

Table legend:
 A = Spawn XP
 B = Non-spawn XP
 C = Spawn XP percentage of total XP
 D = Spawn monster count
 E = Non-spawn monster count
 F = Spawn count percentage of total count
 G = Total turns spent on level
                    A         B        C        D         E        F      G
               +---------+---------+-------+---------+---------+-------+---------
         Total |       0 |   32850 |   0.0 |       0 |     330 |   0.0 | 13000
               +---------+---------+-------+---------+---------+-------+---------
           D:1 |       0 |      19 |   0.0 |       0 |      13 |   0.0 |   794
           D:2 |       0 |      52 |   0.0 |       0 |      16 |   0.0 |   784
           D:3 |       0 |     228 |   0.0 |       0 |      29 |   0.0 |   882
           D:4 |       0 |     559 |   0.0 |       0 |      16 |   0.0 |   797
           D:5 |       0 |     882 |   0.0 |       0 |      21 |   0.0 |   977
           D:6 |       0 |    1935 |   0.0 |       0 |      38 |   0.0 |   860
           D:7 |       0 |     933 |   0.0 |       0 |      15 |   0.0 |   563
           D:8 |       0 |    3392 |   0.0 |       0 |      34 |   0.0 |   974
           D:9 |       0 |     675 |   0.0 |       0 |      15 |   0.0 |  1300
          D:10 |       0 |    2503 |   0.0 |       0 |      30 |   0.0 |   963
          D:11 |       0 |    5086 |   0.0 |       0 |      20 |   0.0 |   341
        Lair:1 |       0 |    1657 |   0.0 |       0 |       4 |   0.0 |   879
        Lair:2 |       0 |    5917 |   0.0 |       0 |      19 |   0.0 |  1348
        Lair:3 |       0 |    7407 |   0.0 |       0 |      26 |   0.0 |   980
       Snake:1 |       0 |     648 |   0.0 |       0 |       2 |   0.0 |   145
       Ossuary |       0 |     957 |   0.0 |       0 |      32 |   0.0 |   413
               +---------+---------+-------+---------+---------+-------+---------
